 Dungeon Crawl Stone Soup version 0.23.1 (webtiles) character file.

Game seed: 14523616698137454622

140 Borgoz the Skirmisher (level 5, -1/46 HPs)
             Began as a Ghoul Monk on Mar 18, 2019.
             Slain by an ice beast (2 damage)
             ... on level 4 of the Dungeon.
             The game lasted 00:05:53 (3095 turns).

Borgoz the Skirmisher (Ghoul Monk)                  Turns: 3095, Time: 00:05:54

Health: -1/46      AC:  3    Str: 15    XL:     5   Next: 22%
Magic:  4/4        EV: 13    Int:  6    God:
Gold:   140        SH:  0    Dex: 11    Spells: 4/4 levels left

rFire    . . .     SeeInvis +   a - +0 short sword
rCold    + . .     Gourm    .   (no shield)
rNeg     + + +     Faith    .   r - +0 leather armour
rPois    ∞         Spirit   .   (no helmet)
rElec    .         Reflect  .   (no cloak)
rCorr    .         Harm     .   (no gloves)
MR       .....                  (no boots)
Stlth    ++........             (no amulet)
HPRegen  0.00/turn              t - ring of wizardry
MPRegen  0.09/turn              q - ring of see invisible

@: rotting, hasted, very quick
A: rotting body, claws 1, carnivore, cold resistance 1, negative energy
resistance 3, inhibited regeneration, torment resistance, unbreathing
a: no special abilities


You were on level 4 of the Dungeon.
You were not hungry.

You visited 2 branches of the dungeon, and saw 5 of its levels.

You collected 140 gold pieces.

Inventory:

Hand Weapons
 a - a +0 short sword (weapon)
Armour
 b - a +1 robe
 r - a +0 leather armour (worn)
Jewellery
 c - an uncursed ring of magical power
 q - a ring of see invisible (right claw)
 t - a ring of wizardry (left claw)
Wands
 i - a wand of polymorph (11)
Scrolls
 d - a scroll of magic mapping
 e - a scroll of enchant armour
 f - 6 scrolls of identify {unknown}
 n - 4 scrolls of remove curse
 o - a scroll of fog {unknown}
 p - 2 scrolls of fear {unknown}
 s - a scroll of random uselessness {unknown}
 u - a scroll of enchant weapon {unknown}
Potions
 k - a potion of resistance {unknown}
 l - a potion of degeneration {unknown}
 m - a potion of might {unknown}
Comestibles
 j - 9 rations


   Skills:
 + Level 3.7 Fighting
 * Level 3.4 Short Blades
 * Level 2.0 Armour
 * Level 3.5 Dodging
 + Level 2.8 Stealth


You had 4 spell levels left.
You didn't know any spells.
Your spell library was empty.

Dungeon Overview and Level Annotations

Branches:
Dungeon (4/15)             Temple (1/1) D:4

Altars:
Cheibriados
Dithmenos
Elyvilon
Fedhas
Gozag
Hepliaklqana
Kikubaaqudgha
Makhleb
Nemelex Xobeh
Okawaru
Qazlal
Ru
Trog
Uskayaw
Wu Jian
Xom
Yredelemnul
Zin
The Shining One


Innate Abilities, Weirdness & Mutations

Your body is rotting away.
You thrive on raw meat.
You are immune to poison.
You have sharp fingernails.
You are carnivorous and can eat meat at any time.
Your flesh is cold resistant. (rC+)
You are immune to negative energy. (rN+++)
You do not regenerate when monsters are visible.
You are immune to unholy pain and torment.
You can survive without breathing.


Message History

It was a potion of haste.
You feel yourself speed up. The ice beast hits you.
* * * LOW HITPOINT WARNING * * *
The ice beast freezes you. You resist.
* * * LOW HITPOINT WARNING * * *
Found 11 gold pieces.
You see here a frilled lizard corpse.
You butcher the frilled lizard corpse.
Things that are here:
a chunk of flesh; a frilled lizard skeleton Eat a chunk of flesh? (ye/n/q)
You eat the chunk of flesh.
This raw flesh tastes great!
Okay, then.
The ice beast hits you.
* * * LOW HITPOINT WARNING * * *
The ice beast freezes you. You resist.
* * * LOW HITPOINT WARNING * * *
You barely miss the ice beast.
The ice beast is severely wounded.
The ice beast hits you.
You die...

#.#...##. ########.......
........#.#.###
#...........#
######.#...#.#..#
........#....#..#
######..#..#....#
...$...Y#.Y.....#
#######.#.@÷..#.#
#.#.......# ###
#.#.......#.
..+..#+######.#..........
..##........#.........###
............####.........
.[.#...................#.
...#...).....###.###.#.#
................... .#.#


You could see an ice beast.

Vanquished Creatures
  5 adders
  An adder skeleton (D:4)
  2 worms (D:2)
  5 dart slugs
  3 leopard geckos
  An orc (D:3)
  8 bats
  2 giant cockroaches
  7 goblins
  6 hobgoblins
  5 jackals
  9 kobolds
  3 quokkas
  6 frilled lizards
  A jackal skeleton (D:4)
  9 rats
73 creatures vanquished.

Notes
Turn   | Place    | Note
-------+----------+-------------------------------------------
     0 | D:1      | Borgoz the Ghoul Monk began the quest for the Orb.
     0 | D:1      | Reached XP level 1. HP: 19/19 MP: 0/0
    76 | D:1      | Reached XP level 2. HP: 20/26 MP: 1/1
   283 | D:1      | Reached skill level 1 in Armour
   294 | D:1      | Reached XP level 3. HP: 12/31 MP: 2/2
  1287 | D:2      | Reached XP level 4. HP: 37/38 MP: 3/3
  2419 | D:3      | Reached XP level 5. HP: 45/45 MP: 4/4
  2435 | D:3      | Found a snail-covered altar of Cheibriados.
  2617 | D:4      | Found a staircase to the Ecumenical Temple.
  2650 | Temple   | Entered the Ecumenical Temple
  3037 | D:4      | Noticed an ice beast
  3078 | D:4      | HP: 1/46 [ice beast (5)]
  3094 | D:4      | HP: 1/46 [ice beast (3)]
  3095 | D:4      | Slain by an ice beast

Skill      XL: |  1  2  3  4  5 |
---------------+----------------+-----
Dodging        | 3 |  3.5
Armour         | 1 2 |  2.0
Short Blades   | 3 |  3.4
Fighting       | |  3.7
Stealth        | |  2.8

Action                   |  1- 3 |  4- 6 || total
-------------------------+-------+-------++-------
Melee: Short sword       |   188 |   197 ||   385
  Use: Scroll            |       |     4 ||     4
       Potion            |       |     3 ||     3
 Stab: Sleeping          |     7 |     4 ||    11
  Eat: Chunk             |    21 |    11 ||    32
       Ration            |     1 |       ||     1
Armor: Robe              |    33 |    37 ||    70
       Leather armour    |       |    16 ||    16
Dodge: Dodged            |   156 |   135 ||   291
